3L
D.C. DIVIDED @ LAS VEGAS FLAMINGOS
09/22/2022
 
TOP OF THE 1ST
D.C. Divided batting - Pitching for Las Vegas Flamingos : RHP Marshall Edwards
Pitching: RHP Marshall Edwards
Batting: LHB Charles Mathes 0-0: Ball
1-0: Called Strike
1-1: Fly out, F7 (Flyball, 78M)
Batting: SHB Eiji Suzuki 0-0: Foul Ball, location: 2F
0-1: Ball
1-1: Hit by Pitch
Batting: LHB Ray Sears 0-0: Ball
1-0: Called Strike
Eiji Suzuki is caught stealing 2nd base
1-1: Ball
2-1: Ground out 4-3 (Groundball, 4)
Top of the 1st over - 0 run(s), 0 hit(s), 0 error(s), 0 left on base; D.C. 0 - Las Vegas 0
BOTTOM OF THE 1ST
Las Vegas Flamingos batting - Pitching for D.C. Divided : LHP Leslie Brooks
Pitching: LHP Leslie Brooks
Batting: RHB Sake van Arem 0-0: Ball
1-0: Foul Ball, location: 2F
1-1: Foul Ball, location: 2F
1-2: Foul Ball, location: 2F
1-2: Foul Ball, location: 2F
1-2: Foul Ball, location: 2F
1-2: Ground out 5-3 (Groundball, 56S)
Batting: RHB Bill Taylor 0-0: Foul Ball, location: 2F
0-1: Fly out, F8 (Flyball, 89D)
Batting: RHB Jeff Young 0-0: Ball
1-0: Ball
2-0: Ball
3-0: Base on Balls
Batting: RHB Aaron Harper 0-0: Ball
1-0: Ball
2-0: DOUBLE (Groundball, 3L)
Jeff Young to third
Batting: RHB Ted Young 0-0: Called Strike
0-1: Ball
1-1: Ball
2-1: Ball
3-1: SINGLE (Groundball, 6MD)
Jeff Young scores
Aaron Harper to third
Runner from 3rd tries for Home, throw and OUT!
Bottom of the 1st over - 1 run(s), 2 hit(s), 0 error(s), 1 left on base; D.C. 0 - Las Vegas 1
TOP OF THE 2ND
D.C. Divided batting - Pitching for Las Vegas Flamingos : RHP Marshall Edwards
Batting: RHB Dong-joon Ch'oe 0-0: Ball
1-0: SINGLE (Line Drive, 8LS)
Batting: LHB Brad Elmore 0-0: Foul Ball, location: 2F
0-1: Ball
1-1: Foul Ball, location: 2F
1-2: Ball
2-2: Ball
3-2: Fielders Choice at 2nd, 4-6 (Groundball, 34)
Batting: RHB Lúcio López 0-0: Ball
1-0: Ground out 5-3 (Groundball, 5S)
Brad Elmore to second
Batting: LHB Mike Gardner 0-0: Fly out, F6 (Popup, 6D)
Top of the 2nd over - 0 run(s), 1 hit(s), 0 error(s), 1 left on base; D.C. 0 - Las Vegas 1
BOTTOM OF THE 2ND
Las Vegas Flamingos batting - Pitching for D.C. Divided : LHP Leslie Brooks
Batting: RHB Steven Talley 0-0: Called Strike
0-1: Foul Ball, location: 2F
0-2: Foul Ball, location: 2F
0-2: DOUBLE (Line Drive, 7LD)
Batting: RHB Pablo Lugo 0-0: Ball
1-0: Ball
2-0: Called Strike
2-1: DOUBLE (Line Drive, 89M)
Steven Talley scores
Batting: LHB Ron Goodwin 0-0: Called Strike
0-1: Ground out 4-3 (Groundball, 4M)
Pablo Lugo to third
Batting: RHB Terry Sylvester 0-0: Called Strike
0-1: Ball
1-1: Foul Ball, location: 2F
1-2: Strikes out looking
Batting: RHB Sake van Arem 0-0: Called Strike
0-1: Foul Ball, location: 2F
0-2: Strikes out swinging
Bottom of the 2nd over - 1 run(s), 2 hit(s), 0 error(s), 1 left on base; D.C. 0 - Las Vegas 2
TOP OF THE 3RD
D.C. Divided batting - Pitching for Las Vegas Flamingos : RHP Marshall Edwards
Batting: RHB Mario Castillo 0-0: SINGLE (Groundball, 4M)
Batting: RHB Cristo González 0-0: Ball
1-0: Ball
2-0: Called Strike
2-1: Fielders Choice at 2nd, 5-4 (Groundball, 56)
Batting: LHB Charles Mathes 0-0: Called Strike
0-1: Called Strike
0-2: Fly out, F7 (Flyball, 7LMF)
Batting: SHB Eiji Suzuki 0-0: Called Strike
Cristo González is caught stealing 2nd base
Top of the 3rd over - 0 run(s), 1 hit(s), 0 error(s), 0 left on base; D.C. 0 - Las Vegas 2
BOTTOM OF THE 3RD
Las Vegas Flamingos batting - Pitching for D.C. Divided : LHP Leslie Brooks
Batting: RHB Bill Taylor 0-0: Ball
1-0: Ball
2-0: Ball
3-0: Called Strike
3-1: Base on Balls
Batting: RHB Jeff Young 0-0: Ball
1-0: Ball
2-0: Called Strike
2-1: Ball
3-1: Fielders Choice at 2nd, 3-6 (Groundball, 3)
Batting: RHB Aaron Harper 0-0: Ball
1-0: Called Strike
1-1: Swinging Strike
1-2: Strikes out swinging
Batting: RHB Ted Young 0-0: Ball
1-0: Ball
2-0: Ball
3-0: Called Strike
3-1: Called Strike
3-2: Base on Balls
Jeff Young to second
Batting: RHB Steven Talley 0-0: Ball
1-0: Called Strike
1-1: Ball
2-1: Swinging Strike
2-2: Ball
3-2: Foul Ball, location: 2F
3-2: SINGLE (Groundball, 6)
Jeff Young to third
Ted Young to second
Jeff Young scores
Ted Young to third
Batting: RHB Pablo Lugo 0-0: Ball
1-0: SINGLE (Groundball, 3D)
Ted Young scores
Steven Talley to second
Runner from 2nd tries for 3rd, OUT!
Bottom of the 3rd over - 2 run(s), 2 hit(s), 0 error(s), 1 left on base; D.C. 0 - Las Vegas 4
TOP OF THE 4TH
D.C. Divided batting - Pitching for Las Vegas Flamingos : RHP Marshall Edwards
Batting: SHB Eiji Suzuki 0-0: Swinging Strike
0-1: Swinging Strike
0-2: Fly out, F8 (Flyball, 8RD)
Batting: LHB Ray Sears 0-0: Ball
1-0: Called Strike
1-1: Ball
2-1: Ground out 2-3 (Groundball, 2R)
Batting: RHB Dong-joon Ch'oe 0-0: Called Strike
0-1: Ball
1-1: Foul Ball, location: 2F
1-2: Fly out, F7 (Flyball, 78D)
Top of the 4th over - 0 run(s), 0 hit(s), 0 error(s), 0 left on base; D.C. 0 - Las Vegas 4
BOTTOM OF THE 4TH
Las Vegas Flamingos batting - Pitching for D.C. Divided : LHP Leslie Brooks
Batting: LHB Ron Goodwin 0-0: Called Strike
0-1: Ball
1-1: Ball
2-1: Ball
3-1: Ground out 4-3 (Groundball, 34)
Batting: RHB Terry Sylvester 0-0: Swinging Strike
0-1: Swinging Strike
0-2: Strikes out looking
Batting: RHB Sake van Arem 0-0: Swinging Strike
0-1: Foul Ball, location: 2F
0-2: Strikes out swinging
Bottom of the 4th over - 0 run(s), 0 hit(s), 0 error(s), 0 left on base; D.C. 0 - Las Vegas 4
TOP OF THE 5TH
D.C. Divided batting - Pitching for Las Vegas Flamingos : RHP Marshall Edwards
Batting: LHB Brad Elmore 0-0: Ball
1-0: Called Strike
1-1: Fly out, F5 (Popup, 15S)
Batting: RHB Lúcio López 0-0: Ball
1-0: Foul Ball, location: 2F
1-1: Ball
2-1: Foul Ball, location: 2F
2-2: Strikes out swinging
Batting: LHB Mike Gardner 0-0: SINGLE (Groundball, 6MD)
Batting: RHB Mario Castillo 0-0: Ball
1-0: Ball
2-0: Called Strike
2-1: Foul Ball, location: 2F
2-2: Ball
3-2: Foul Ball, location: 2F
3-2: Foul Ball, location: 2F
3-2: Strikes out looking
Top of the 5th over - 0 run(s), 1 hit(s), 0 error(s), 1 left on base; D.C. 0 - Las Vegas 4
BOTTOM OF THE 5TH
Las Vegas Flamingos batting - Pitching for D.C. Divided : LHP Leslie Brooks
Batting: RHB Bill Taylor 0-0: SINGLE (Groundball, 56D)
Batting: RHB Jeff Young 0-0: Called Strike
0-1: Ball
1-1: Foul Ball, location: 2F
1-2: Strikes out swinging
Batting: RHB Aaron Harper 0-0: Called Strike
0-1: Grounds into double play, 5-4-3 (Groundball, 56)
Bottom of the 5th over - 0 run(s), 1 hit(s), 0 error(s), 0 left on base; D.C. 0 - Las Vegas 4
TOP OF THE 6TH
D.C. Divided batting - Pitching for Las Vegas Flamingos : RHP Marshall Edwards
Batting: RHB Cristo González 0-0: SINGLE (Groundball, 56D)
Batting: LHB Charles Mathes 0-0: Called Strike
0-1: Called Strike
0-2: Ball
1-2: 2-RUN HOME RUN (Flyball, 9LD), Distance : 361 ft
Batting: SHB Eiji Suzuki 0-0: Called Strike
0-1: Fly out, F4 (Popup, 4MD)
Batting: LHB Ray Sears 0-0: SINGLE (Line Drive, 6MD)
Batting: RHB Dong-joon Ch'oe 0-0: Called Strike
0-1: Ball
1-1: Swinging Strike
1-2: Strikes out swinging
Batting: LHB Brad Elmore 0-0: Ball
Ray Sears is caught stealing 2nd base
Top of the 6th over - 2 run(s), 3 hit(s), 0 error(s), 0 left on base; D.C. 2 - Las Vegas 4
BOTTOM OF THE 6TH
Las Vegas Flamingos batting - Pitching for D.C. Divided : LHP Leslie Brooks
Batting: RHB Ted Young 0-0: Called Strike
0-1: Ball
1-1: Ground out 2-3 (Groundball, 2R)
Batting: RHB Steven Talley 0-0: Ball
1-0: Foul Ball, location: 2F
1-1: Swinging Strike
1-2: Ball
2-2: Ball
3-2: Foul Ball, location: 2F
3-2: Base on Balls
Batting: RHB Pablo Lugo 0-0: Ball
1-0: Foul Ball, location: 2F
1-1: Ball
Steven Talley steals 2nd base
2-1: Intentional Walk
Batting: LHB Ron Goodwin 0-0: Ball
1-0: Ball
2-0: Ball
3-0: Base on Balls
Steven Talley to third
Pablo Lugo to second
Batting: RHB Terry Sylvester 0-0: Fly out, F7 (Line Drive, 7S)
Runner from 3rd tags up, SCORES, throw made
Batting: RHB Sake van Arem 0-0: Ball
1-0: SINGLE (Groundball, 56D)
Pablo Lugo to third
Ron Goodwin to second
Runner from 3rd tries for Home, SAFE, no throw or cutoff
Pitching: LHP Hallinan Udny
Batting: RHB Bill Taylor 0-0: Ball
1-0: Ball
2-0: Called Strike
2-1: Ground out 5-3 (Groundball, 5)
Bottom of the 6th over - 2 run(s), 1 hit(s), 0 error(s), 2 left on base; D.C. 2 - Las Vegas 6
TOP OF THE 7TH
D.C. Divided batting - Pitching for Las Vegas Flamingos : RHP Marshall Edwards
Batting: LHB Brad Elmore 0-0: Foul Ball, location: 2F
0-1: Ball
1-1: Ball
2-1: Foul Ball, location: 2F
2-2: SINGLE (Groundball, 3L)
Batting: RHB Lúcio López 0-0: Ball
1-0: Ball
2-0: Swinging Strike
2-1: Ball
3-1: SINGLE (Line Drive, 8LS)
Brad Elmore to second
Batting: LHB Mike Gardner 0-0: SINGLE (Line Drive, 9S)
Brad Elmore to third
Lúcio López to second
Batting: RHB Mario Castillo 0-0: Ball
1-0: Foul Ball, location: 2F
1-1: Foul Ball, location: 2F
1-2: Strikes out swinging
Batting: RHB Cristo González 0-0: Grounds into double play, 6-4-3 (Groundball, 6)
Top of the 7th over - 0 run(s), 3 hit(s), 0 error(s), 2 left on base; D.C. 2 - Las Vegas 6
BOTTOM OF THE 7TH
Las Vegas Flamingos batting - Pitching for D.C. Divided : LHP Hallinan Udny
Batting: RHB Jeff Young 0-0: Ground out 6-3 (Groundball, 6)
Batting: RHB Aaron Harper 0-0: Called Strike
0-1: Fly out, F3 (Popup, 3F)
Batting: RHB Ted Young 0-0: Called Strike
0-1: Called Strike
0-2: Strikes out swinging
Bottom of the 7th over - 0 run(s), 0 hit(s), 0 error(s), 0 left on base; D.C. 2 - Las Vegas 6
TOP OF THE 8TH
D.C. Divided batting - Pitching for Las Vegas Flamingos : RHP Marshall Edwards
Batting: LHB Charles Mathes 0-0: Ball
1-0: Ball
2-0: Called Strike
2-1: Foul Ball, location: 2F
2-2: Ball
3-2: Fly out, F9 (Flyball, 9D)
Batting: SHB Eiji Suzuki 0-0: Foul Ball, location: 2F
0-1: Ball
1-1: DOUBLE (Line Drive, 9LS)
Pitching: LHP Carlos Vargas
Batting: LHB Ray Sears 0-0: Foul Ball, location: 2F
0-1: Ball
1-1: Ball
2-1: Called Strike
2-2: Strikes out swinging
Batting: RHB Dong-joon Ch'oe 0-0: Ball
1-0: Ball
2-0: Ball
3-0: Called Strike
3-1: Foul Ball, location: 2F
3-2: Strikes out swinging
Top of the 8th over - 0 run(s), 1 hit(s), 0 error(s), 1 left on base; D.C. 2 - Las Vegas 6
BOTTOM OF THE 8TH
Las Vegas Flamingos batting - Pitching for D.C. Divided : LHP Hallinan Udny
Batting: RHB Steven Talley 0-0: Called Strike
0-1: Ball
1-1: Ball
2-1: Foul Ball, location: 2F
2-2: Foul Ball, location: 2F
2-2: Ball
3-2: Base on Balls
Batting: RHB Pablo Lugo 0-0: Grounds into double play, 6-4-3 (Groundball, 56)
Batting: LHB Ron Goodwin 0-0: Ball
1-0: Ball
2-0: Ball
3-0: Base on Balls
Batting: RHB Terry Sylvester 0-0: Ball
1-0: Ball
2-0: Called Strike
2-1: Ball
3-1: Foul Ball, location: 2F
3-2: Strikes out looking
Bottom of the 8th over - 0 run(s), 0 hit(s), 0 error(s), 1 left on base; D.C. 2 - Las Vegas 6
TOP OF THE 9TH
D.C. Divided batting - Pitching for Las Vegas Flamingos : LHP Carlos Vargas
Batting: LHB Brad Elmore 0-0: Ball
1-0: Foul Ball, location: 2F
1-1: Foul Ball, location: 2F
1-2: Ball
2-2: Ground out 6-3 (Groundball, 6M)
Batting: RHB Lúcio López 0-0: Swinging Strike
0-1: Ball
1-1: Fly out, F5 (Line Drive, 5L)
Batting: LHB Mike Gardner 0-0: Ball
1-0: Foul Ball, location: 2F
1-1: Ball
2-1: Called Strike
2-2: Strikes out swinging
Top of the 9th over - 0 run(s), 0 hit(s), 0 error(s), 0 left on base; D.C. 2 - Las Vegas 6
This league is powered by Out of the Park Baseball, the baseball management simulation game for PC, Mac and Linux
Friday, April 15th, 2016 - OOTP Baseball 16.9 Build 39